Workbook

Sheet CDKOHSL

Sheet 说明
A1: 第五章 工程量清单
A2: 1. 工程量清单说明
A3: 1.1 本工程量清单是根据招标文件中包括的有合同约束力的工程量清单计量规则、图纸以及有关工程量清单的国家标准、行业标准、合同条款中约定的其他规则编制。约定计量规则中没有的子目，其工程量按照有合同约束力的图纸所标示尺寸的理论净量计算。计量采用中华人民共和国法定计量单位。
A4: 1.2 本工程量清单应与招标文件中的投标人须知，通用合同条款、专用合同条款、工程量清单计量规则、技术规范及图纸等一起阅读和理解。
A5: 1.3 本工程量清单中所列工程数量是估算的或设计的预计数量，仅作为投标报价的共同基础，不能作为最终结算与支付的依据。实际支付应按实际完成的工程量，由承包人按工程量清单计量规则规定的计量方法，以监理人认可的尺寸、断面计量，按本工程量清单的单价和总额价计算支付金额；或根据具体情况，按合同条款第15.4款的规定，按监理人确定的单价或总额价计算支付额。
A6: 1.4 工程量清单各章是按第八章“工程量清单计量规则”、第七章“技术规范”的相应章次编号的，因此，工程量清单中各章的工程子目的范围与计量等应与“工程量清单计量规则”、“技术规范”相应章节的范围、计量与支付条款结合起来理解或解释。
A7: 1.5 对作业和材料的一般说明或规定，未重复写入工程量清单内，在给工程量清单各子目标价前，应参阅第七章“技术规范”的有关内容。
A8: 1.6 工程量清单中所列工程量的变动，丝毫不会降低或影响合同条款的效力，也不免除承包人按规定的标准进行施工和修复缺陷的责任。
A9: 1.7 图纸中所列的工程数量表及数量汇总表仅是提供资料，不是工程量清单的外延。当图纸与工程量清单所列数量不一致时，以工程量清单所列数量作为报价的依据。
A10: 2. 投标报价的说明
A11: 2.1 工程量清单中的每一子目（有数量）须填入单价或价格，且只允许有一个报价。
A12: 2.2 除非合同另有规定，工程量清单中有标价的单价和总额价均已包括了为实施和完成合同工程所需的劳务、材料、机械、质检（自检）、安装、缺陷修复、管理、保险、税费、利润等费用，以及合同明示或暗示的所有责任、义务和一般风险。
... A29: 4.10根据《公路工程标准施工招标文件》工程量清单表中100章所示内容，本项目计列保险费、安全生产费、临时道路、临时交通安全设施工程内容，其他内容费用被视为已包含在相关子目的单价或总额价中，发包人不再另行支付。

Sheet 100章
A1: 5.1 工程量清单表
A2: 工程量清单
A3: 清单 第100章 总 则
A4: =汇总表!A3 -> 合同段编号：SG-1 | F4: 货币单位：人民币元
A5: 子目号 | B5: 子 目 名 称 | C5: 单 位 | D5: 数 量 | E5: 单价 | F5: 合价
A6: 101 | B6: 通则 | F6: =IF(E6>0,ROUND(D6*E6,0),"")
A7: 101-1 | B7: 保险费 | F7: =IF(E7>0,ROUND(D7*E7,0),"")
A8: -a | B8: 按合同条款规定，提供建筑工程一切险 | C8: 总额 | D8: 1 | E8: =IF(E11=0,0,ROUND(SUM(F10:F14,SUM(汇总表!D6:D11))*0.003,0)) -> 0 | F8: =IF(E8>0,ROUND(D8*E8,0),"")
A9: -b | B9: 按合同条款规定，提供第三方责任险 | C9: 总额 | D9: 1 | E9: =IF(E8=0,0,1000000*0.4%) -> 0 | F9: =IF(E9>=1000000*0.004,ROUND(D9*E9,0),"")
A10: 102 | B10: 工程管理 | F10: =IF(E10>0,ROUND(D10*E10,0),"")
A11: 102-3 | B11: 安全生产费(按最高投标限价的1.5%计列) | C11: 总额 | D11: 1 | F11: =IF(E11>0,ROUND(D11*E11,0),"") | G11: 安全生产费用需填入报价，方可显示本章节总价。
A12: 103 | B12: 临时工程与设施 | F12: =IF(E12>0,ROUND(D12*E12,0),"")
A13: 103-1 | B13: 临时道路修建、养护与拆除(包括原道路的养护) | C13: 总额 | D13: 1 | F13: =IF(E13>0,ROUND(D13*E13,0),"")
A14: 103-6 | B14: 临时交通安全设施 | C14: 总额 | D14: 1 | F14: =IF(E14>0,ROUND(D14*E14,0),"")
A15: 清单 第100章合计 人民币(元) | F15: =IF(E11=0,0,SUM(F6:F14)) -> 0

Sheet 200章
A1: 工程量清单
A2: 清单 第200章 路基
A3: =汇总表!A3 -> 合同段编号：SG-1 | F3: 货币单位：人民币元
A4: 子目号 | B4: 子 目 名 称 | C4: 单 位 | D4: 数 量 | E4: 单价 | F4: 合价
A5: 202 | B5: 场地清理 | F5: =IF(E5>0,ROUND(D5*E5,0),"")
A6: 202-2 | B6: 挖除旧路面 | F6: =IF(E6>0,ROUND(D6*E6,0),"")
A7: -a | B7: 水泥混凝土路面 | C7: m3 | D7: 1976.5 | F7: =IF(E7>0,ROUND(D7*E7,0),"")
A8: -d | B8: 砂砾功能层 | C8: m3 | D8: 742.6 | F8: =IF(E8>0,ROUND(D8*E8,0),"")
A9: 202-3 | B9: 拆除结构物 | F9: =IF(E9>0,ROUND(D9*E9,0),"")
A10: -b | B10: 混凝土结构 | C10: m3 | D10: 243.1 | F10: =IF(E10>0,ROUND(D10*E10,0),"")
A11: -c | B11: 砖、石及其他砌体结构 | C11: m3 | D11: 591.9 | F11: =IF(E11>0,ROUND(D11*E11,0),"")
A12: 208 | B12: 护坡、护面墙 | F12: =IF(E12>0,ROUND(D12*E12,0),"")
A13: 208-1 | B13: 护坡垫层 | F13: =IF(E13>0,ROUND(D13*E13,0),"")
A14: -a | B14: 砂砾垫层 | C14: m3 | D14: 137.8 | F14: =IF(E14>0,ROUND(D14*E14,0),"")
A15: 208-3 | B15: 浆砌片石护坡 | F15: =IF(E15>0,ROUND(D15*E15,0),"")
A16: -a | B16: M10满铺浆砌片石护坡 | C16: m3 | D16: 655.2 | F16: =IF(E16>0,ROUND(D16*E16,0),"")
A17: 清单 第200章合计 人民币(元) | F17: =SUM(F5:F16) -> 0

Sheet 300章
A1: 工程量清单
A2: 清单 第300章 路面
A3: =汇总表!A3 -> 合同段编号：SG-1 | F3: 货币单位：人民币元
A4: 子目号 | B4: 子 目 名 称 | C4: 单 位 | D4: 数 量 | E4: 单价 | F4: 合价
A5: 302 | B5: 垫层 | F5: =IF(E5>0,ROUND(D5*E5,0),"")
A6: 302-2 | B6: 砂砾功能层 | F6: =IF(E6>0,ROUND(D6*E6,0),"")
A7: -a | B7: 厚200mm | C7: m2 | D7: 3729.3 | F7: =IF(E7>0,ROUND(D7*E7,0),"")
A8: -c | B8: 压实沉降砂砾回填 | C8: m3 | D8: 201.6 | F8: =IF(E8>0,ROUND(D8*E8,0),"")
A9: 304 | B9: 水泥稳定土底基层、基层 | F9: =IF(E9>0,ROUND(D9*E9,0),"")
A10: 304-4 | B10: 水泥混凝土功能层 | F10: =IF(E10>0,ROUND(D10*E10,0),"")
A11: -a | B11: 厚200mm | C11: m2 | D11: 282.9 | F11: =IF(E11>0,ROUND(D11*E11,0),"")
A12: 312 | B12: 水泥混凝土面板 | F12: =IF(E12>0,ROUND(D12*E12,0),"")
A13: 312-1 | B13: 水泥混凝土面板 | F13: =IF(E13>0,ROUND(D13*E13,0),"")
A14: -a | B14: 厚200mm(混凝土弯拉强度4.0Mpa) | C14: m3 | D14: 1976.5 | F14: =IF(E14>0,ROUND(D14*E14,0),"")
A15: 312-2 | B15: 钢筋 | F15: =IF(E15>0,ROUND(D15*E15,0),"")
A16: -a | B16: 光圆钢筋(HPB235、HPB300) | C16: kg | D16: 2391 | F16: =IF(E16>0,ROUND(D16*E16,0),"")
A17: -b | B17: 带肋钢筋(HRB335、HRB400) | C17: kg | D17: 198 | F17: =IF(E17>0,ROUND(D17*E17,0),"")
A18: 315 | B18: 路面其他工程 | F18: =IF(E18>0,ROUND(D18*E18,0),"")
A19: 315-1 | B19: 热沥青灌缝 | C19: m | D19: 157 | F19: =IF(E19>0,ROUND(D19*E19,0),"")
A20: 315-2 | B20: 过水路面 | F20: =IF(E20>0,ROUND(D20*E20,0),"")
A21: -a | B21: 路面宽6.5m（新建） | C21: m | D21: 187 | F21: =IF(E21>0,ROUND(D21*E21,0),"")
A22: -b | B22: 路面宽6.5m（维修跌水平台、基础开挖及回填） | C22: m | D22: 47 | F22: =IF(E22>0,ROUND(D22*E22,0),"")
A23: 清单 第300章合计 人民币(元) | F23: =SUM(F5:F22) -> 0

Sheet 400章
A1: 工程量清单
A2: 清单 第400章 桥梁、涵洞
A3: =汇总表!A3 -> 合同段编号：SG-1 | F3: 货币单位：人民币元
A4: 子目号 | B4: 子 目 名 称 | C4: 单 位 | D4: 数 量 | E4: 单价 | F4: 合价
A5: 419 | B5: 圆管涵及倒虹吸管涵 | F5: =IF(E5>0,ROUND(D5*E5,0),"")
A6: 419-4 | B6: 多孔钢筋混凝土圆管涵 | F6: =IF(E6>0,ROUND(D6*E6,0),"")
A7: -a | B7: 6-Ф1.0m | C7: m | D7: 13 | F7: =IF(E7>0,ROUND(D7*E7,0),"")
A8: 清单 第400章合计 人民币(元) | F8: =SUM(F5:F7) -> 0

Sheet 600章
A1: 工程量清单
A2: 清单 第600章 交通安全设施
A3: =汇总表!A3 -> 合同段编号：SG-1 | F3: 货币单位：人民币元
A4: 子目号 | B4: 子 目 名 称 | C4: 单 位 | D4: 数 量 | E4: 单价 | F4: 合价
A5: 604 | B5: 道路交通标志 | F5: =IF(E5>0,ROUND(D5*E5,0),"")
A6: 604-1 | B6: 单柱式交通标志 | F6: =IF(E6>0,ROUND(D6*E6,0),"")
A7: -a | B7: 八边形800 | C7: 个 | D7: 1 | F7: =IF(E7>0,ROUND(D7*E7,0),"")
A8: -b | B8: □900×600 | C8: 个 | D8: 1 | F8: =IF(E8>0,ROUND(D8*E8,0),"")
A9: 604-8 | B9: 里程碑 | C9: 个 | D9: 2 | F9: =IF(E9>0,ROUND(D9*E9,0),"")
A10: 604-13 | B10: 道口标柱 | C10: 个 | D10: 20 | F10: =IF(E10>0,ROUND(D10*E10,0),"")
A11: 605 | B11: 道路交通标线 | F11: =IF(E11>0,ROUND(D11*E11,0),"")
A12: 605-8 | B12: 减速带 | C12: m | D12: 4.5 | F12: =IF(E12>0,ROUND(D12*E12,0),"")
A13: 清单 第600章合计 人民币(元) | F13: =SUM(F5:F12) -> 0

Sheet 汇总表
A1: 5.4 投标报价汇总表
A3: 合同段编号：SG-1 | D3: 货币单位：人民币元
A4: 序号 | B4: 章次 | C4: 科 目 名 称 | D4: 金额(元)
A5: 1 | B5: 100 | C5: 总则 | D5: ='100章'!F15 -> 0
A6: 2 | B6: 200 | C6: 路基 | D6: ='200章'!F17 -> 0
A7: 3 | B7: 300 | C7: 路面 | D7: ='300章'!F23 -> 0
A8: 4 | B8: 400 | C8: 桥梁、涵洞 | D8: ='400章'!F8 -> 0
A9: 5 | B9: 500 | C9: 隧道 | D9: 0
A10: 6 | B10: 600 | C10: 交通安全设施 | D10: ='600章'!F13 -> 0
A11: 7 | B11: 700 | C11: 绿化及环境保护设施 | D11: 0
A12: 8 | B12: 第100章～700章清单合计 | D12: =IF(D5=0,0,SUM(D5:D11)) -> 0
A13: 9 | B13: 已包含在清单合计中的材料、工程设备、专业工程暂估价合计 | D13: 0
A14: 10 | B14: 清单合计减去材料、工程设备、专业工程暂估价 合计（即8-9=10） | D14: =IF(D12=0,0,D12-D13) -> 0
A15: 11 | B15: 计日工合计 | D15: 0
A16: 12 | B16: 暂列金额（不考虑） | D16: 0
A17: 13 | B17: 投标报价（即8+11+12=13） | D17: =IF(D12=0,0,D12+D15+D16) -> 0
